 Dungeon Crawl Stone Soup version 0.30.1-11-g7821555f0a (webtiles) character file.

Game seed: 6381724030722362245

92154 SacredBeard the Black Belt (level 15, -1/122 HPs)
             Began as a Demonspawn Necromancer on Nov 28, 2023.
             Was the Champion of Jiyva.
             Slain by a white ugly thing (14 damage)
             ... on level 14 of the Dungeon.
             The game lasted 01:39:44 (22859 turns).

SacredBeard the Black Belt (DsNe)                  Turns: 22859, Time: 01:39:45

Health: -1/122     AC: 15    Str: 13    XL:     15   Next: 20%
Magic:  27/27      EV: 17    Int: 24    God:    Jiyva [******]
Gold:   1637       SH:  0    Dex: 21    Spells: 13/18 levels left

rFire   . .          .
                       - Unarmed
rCold   . . .        (no shield)
rNeg    . . .        N - +6 scale mail of Hedonism {rPois rCorr MP+9}
rPois   +            (no helmet)
rElec   .            L - +1 cloak
rCorr   +            (gloves unavailable)
SInv    .            (no boots)
Will    ++...        H - amulet of Vitality {RegenMP++ Regen++}
Stlth   ++++         I - +6 ring of dexterity
HPRegen 3.60/turn    t - +6 ring of intelligence
MPRegen 1.50/turn

%: no passive effects
@: marked
A: claws 3, repulsion field 2, demonic guardian 3, foul stench 2, camouflage 3,
strong-willed 1, shaggy fur 1, gelatinous body 2, pseudopods 1, jelly absorbing
missiles, engulf
}: 1/15 runes: slimy
a: Renounce Religion, Oozemancy, Slimify


You were on level 14 of the Dungeon.
You worshipped Jiyva.
Jiyva was exalted by your worship.
You visited 4 branches of the dungeon, and saw 26 of its levels.
You also visited: Sewer.

You collected 1729 gold pieces.
You spent 92 gold pieces at shops.

Inventory:

Hand Weapons
 Y - the +10 trident of Nemelex Xobeh's Pride {freeze, rElec rC- Will+++ Stlth-}
   (You found it on level 12 of the Dungeon)

   rC:        It makes you vulnerable to cold.
   rElec:     It insulates you from electricity.
   Will:      It greatly increases your willpower.
   Stlth:     It makes you less stealthy.
Missiles
 j - 9 boomerangs
 m - 10 poisoned darts
 s - 5 curare-tipped darts
 F - a silver boomerang
 R - 4 javelins
Armour
 L - a +1 cloak (worn)
 N - the +6 scale mail of Hedonism (worn) {rPois rCorr MP+9}
   (You found it on level 5 of the Pits of Slime)

   rPois:     It protects you from poison.
   MP:        It affects your magic capacity (+9).
   rCorr:     It protects you from acid and corrosion.
 Z - the +0 shadow dragon scales "Zeukk" {Will+ Str+4 Stlth++++}
   (You found it on level 5 of the Pits of Slime)

   Str:       It affects your strength (+4).
   Will:      It increases your willpower.
   Stlth:     It makes you much more stealthy.
Jewellery
 a - the amulet of the Four Winds {rN+ Will+++ Clar}
   (You found it on level 5 of the Pits of Slime)

   [amulet of nothing]

   rN:        It protects you from negative energy.
   Clar:      It protects you from confusion, rage, mesmerisation and fear.
   Will:      It greatly increases your willpower.
 t - a +6 ring of intelligence (right claw)
 H - the amulet of Vitality (around neck) {RegenMP++ Regen++}
   (You found it on level 6 of the Dungeon)

   [amulet of magic regeneration]

   It increases your rate of magic regeneration.
   Regen:     It increases your rate of health regeneration.
 I - a +6 ring of dexterity (left claw)
 S - a ring of protection from fire
 T - the amulet of Diefe {Spirit Harm rPois Will+++ Int+3}
   (You found it on level 10 of the Dungeon)

   [amulet of guardian spirit]

   It causes incoming damage to be divided between your reserves of health and
   magic.
   Int:       It affects your intelligence (+3).
   rPois:     It protects you from poison.
   Harm:      It increases damage dealt and taken.
   Will:      It greatly increases your willpower.
Wands
 l - a wand of digging (7)
 n - a wand of mindburst (3)
 C - a wand of roots (11)
 J - a wand of charming (12)
 P - a wand of flame (7)
 V - a wand of polymorph (3)
Scrolls
 c - 4 scrolls of amnesia
 d - 4 scrolls of fear
 f - 4 scrolls of blinking
 g - a scroll of noise {unknown}
 k - 4 scrolls of enchant weapon
 p - a scroll of summoning {unknown}
 q - 8 scrolls of teleportation
 v - a scroll of fog {unknown}
 w - a scroll of identify
 y - 2 scrolls of torment {unknown}
 K - 2 scrolls of immolation {unknown}
 Q - 3 scrolls of poison {unknown}
 U - 3 scrolls of enchant armour {unknown}
Potions
 b - a potion of magic
 e - 4 potions of mutation
 i - 5 potions of brilliance
 o - 3 potions of berserk rage
 r - 4 potions of curing
 u - 2 potions of ambrosia
 x - 6 potions of heal wounds
 z - 3 potions of might
 A - 3 potions of haste
 B - 2 potions of cancellation
 D - a potion of lignification {unknown}
 O - a potion of degeneration {unknown}
 W - 2 potions of flight {unknown}
 X - 2 potions of invisibility
Miscellaneous
 h - a phial of floods
 E - a phantom mirror
 G - a condenser vane
 M - a lightning rod (4/4)


   Skills:
 + Level 12.3 Fighting
 - Level 2.0 Throwing
 + Level 5.5 Armour
 + Level 5.5 Dodging
 - Level 3.0 Stealth
 * Level 19.3 Unarmed Combat
 - Level 2.0 Spellcasting
 - Level 7.0 Necromancy
 + Level 6.5 Evocations


You had 13 spell levels left.
You knew the following spells:

 Your Spells              Type           Power      Damage    Failure   Level
a - Necrotise             Necr           100%       1d9       2%          1
b - Animate Dead          Necr           36%        N/A       26%         4

Your spell library contained the following spells:

 Spells                   Type           Power      Damage    Failure   Level
 Vampiric Draining        Necr           36%        2d8       9%          3
 Beastly Appendage        Tmut           4%         N/A       43%         1
 Foxfire                  Conj/Fire      8%         2x1d4     43%         1
 Sting                    Tmut/Pois      8%         1d3       43%         1
 Summon Small Mammal      Summ           8%         N/A       43%         1
 Wereblood                Tmut           2%         N/A       58%         2
 Agony                    Necr           36%        N/A       58%         5
 Call Canine Familiar     Summ           2%         N/A       82%         3
 Spider Form              Tmut/Pois      2%         N/A       82%         3
 Summon Guardian Golem    Hex/Summ       2%         N/A       82%         3
 Tukima's Dance           Hex            2%         N/A       82%         3
 Passage of Golubria      Tloc           2%         N/A       99%         4
 Alistair's Intoxication  Tmut/Pois      1%         N/A       100%        5
 Fireball                 Conj/Fire      1%         3d3       100%        5
 Silence                  Hex/Air        1%         N/A       100%        5
 Eringya's Noxious Bog    Tmut/Pois      1%         N/A       100%        6
 Plasma Beam              Fire/Air       1%         2x1d12    100%        6
 Starburst                Conj/Fire      1%         6d3       100%        6
 Borgnjor's Revivificati  Necr           18%        N/A       100%        8
 Lehudib's Crystal Spear  Conj/Erth      1%         10d2      100%        8
 Necromutation            Tmut/Necr      9%         N/A       100%        8
 Death's Door             Necr           18%        N/A       100%        9


Dungeon Overview and Level Annotations

Branches:
Dungeon (14/15) Zot: 26611  Temple (0/1) D:6            Lair (5/5) D:9 Zot: 25021
 Shoals (0/4) Lair:3        Snake (0/4) Lair:3        Slime (5/5) Lair:5 Zot: 26536
    Orc (2/2) D:11 Zot: 10644     Elf (0/3) Orc:2         Sewer (visited)
 Vaults: D:13-14

Altars:
Ashenzari
Dithmenos
Hepliaklqana
Kikubaaqudgha
Makhleb
Nemelex Xobeh
Okawaru
Ru
Sif Muna
Uskayaw
Vehumet
Wu Jian
Jiyva

Shops:
D:4 *   D:8 :   Orc:2 =!?(

Annotations:
Lair:2 3 runed translucent doors, Yruunk's ghost, journeyman DECj
Slime:5 Royal Jelly


Innate Abilities, Weirdness & Mutations

You have claws for hands.
You are surrounded by a moderate repulsion field. (EV +3)
A powerful demonic guardian rushes to your aid.
You sometimes emit foul miasma when damaged in melee.
Your skin perfectly mimics your surroundings (Stealth+++).
You are strong-willed. (Will+)
You are covered in fur. (AC +1)
Your pliable body absorbs attacks. (AC +2, EV +2)
Armour fits poorly on your pseudopods.
You have a small jelly attached to you that may absorb projectiles.
Your melee attacks may engulf your foes in ooze.


Message History

You bludgeon the white ugly thing, but do no damage.
The white ugly thing is severely wounded.
The white ugly thing headbutts you! The white ugly thing freezes you!!
The white ugly thing misses you.
You barely miss the white ugly thing.
You claw the white ugly thing, but do no damage.
The white ugly thing is severely wounded.
The white ugly thing is asphyxiated!
The jelly hits the white ugly thing.
The white ugly thing is splashed with acid.
The jelly hits the white ugly thing.
The white ugly thing is splashed with acid.
The acid corrodes the white ugly thing!
You catch the helpless white ugly thing completely off-guard!
You eviscerate the white ugly thing!!!
You kill the white ugly thing!
The white ugly thing headbutts you but does no damage.
You hear a slurping noise.
You claw the white ugly thing!
You bludgeon the white ugly thing, but do no damage.
The white ugly thing is lightly wounded.
The jelly hits the white ugly thing but does no damage.
The jelly barely misses the white ugly thing.
The white ugly thing closely misses you.
You mangle the white ugly thing!!
You claw the white ugly thing, but do no damage.
You bludgeon the white ugly thing, but do no damage.
The white ugly thing is severely wounded.
The jelly hits the white ugly thing but does no damage.
You claw the white ugly thing!
You engulf the white ugly thing in ooze!
You bludgeon the white ugly thing, but do no damage.
The white ugly thing is severely wounded.
The white ugly thing headbutts you! The white ugly thing freezes you!!
* * * LOW HITPOINT WARNING * * *
A demonic guardian appears!
The white ugly thing attacks as you move away!
The white ugly thing headbutts you.
* * * LOW HITPOINT WARNING * * *
The white ugly thing freezes you!
You die...

...#.###........##.........
................##...#.....
................##...#.....
................#.......^..
##..............#.....<....
#.......>.................
#.......J................#.
#.###..J.u........ ##
#.....@.......
..........2.....
#....####....... ###..
J#..... . #.. ##..... .....
#.. .... ........
............ ............
.........#........


You could see a white ugly thing (asphyxiating), 3 neutral jellies (fellow
slime) and a friendly lorocyproca (summoned, invisible).

Vanquished Creatures
  Frances (D:14)
  Josephine (D:14)
  3 vault guards
  6 hydras
  4 centaur warriors
  A catoblepas (D:14)
  5 two-headed ogres
  2 ogre magi (Orc:2)
  An orc high priest (Orc:2)
  Nergalle (Orc:2)
  3 skeletal warriors
  2 sea snakes (Lair:5)
  A lindwurm (Lair:4)
  An orc knight (Orc:2)
  A deep elf pyromancer (D:13)
  8 orc sorcerers (Orc:2)
  4 ugly things
  6 cyclopes
  4 manticores
  Maurice (D:8)
  5 black mambas
  16 elephants (Lair:5)
  A centaur zombie (D:9)
  A gargoyle (D:12)
  Joseph (D:8)
  A torpor snail (Lair:3)
  2 centaur skeletons (D:9)
  4 rime drakes
  An unseen horror (D:13)
  10 komodo dragons
  9 cane toads
  A kobold demonologist (D:10)
  An efreet (D:12)
  4 trolls
  A hellwing (D:9)
  A polar bear (D:9)
  A wind drake (Lair:3)
  3 hornets
  Grinder (D:4)
  A snapping turtle (Lair:5)
  7 dream sheep (Lair:5)
  18 blink frogs
  3 wraiths (D:14)
  A shadow (D:10)
  36 yaks
  4 wyverns
  2 vampires
  4 humans (D:14)
  5 vampire mosquitoes
  A basilisk (Lair:4)
  A basilisk (shapeshifter) (D:12)
  Menkaure (D:4)
  3 wargs
  3 nagas (Lair:3)
  4 water moccasins
  5 ice beasts (D:9)
  A black bear (D:6)
  14 orc warriors
  11 ogres
  2 centaurs
  4 wolves (D:9)
  A kobold brigand (D:8)
  9 bullfrogs
  A gnoll sergeant (D:12)
  A necrophage (D:4)
  2 scorpions
  6 wights
  10 killer bees
  5 howler monkeys
  2 electric eels
  A hound (D:4)
  3 jellies (Sewer)
  15 orc priests
  An iguana (D:5)
  A sleepcap (D:6)
  30 orc wizards
  A hound skeleton (D:4)
  5 gnolls
  9 adders
  A river rat (Sewer)
  A shadow imp (D:9)
  7 worms
  4 dart slugs
  59 orcs
  7 bats
  15 endoplasms
  12 giant cockroaches
  5 goblins
  4 hobgoblins
  4 jackals (D:2)
  24 kobolds
  2 quokkas
  10 ball pythons
  8 frilled lizards
  8 rats
525 creatures vanquished.

Vanquished Creatures (collateral kills)
  A hydra (D:14)
  2 vault guards
  A boulder beetle (Lair:2)
  A merfolk avatar (Lair:5)
  A skeletal warrior (D:12)
  An elephant (Lair:5)
  2 manticores
  A centaur zombie (D:9)
  2 black mambas
  A torpor snail (Lair:2)
  2 rime drakes
  2 cane toads
  An unseen horror (D:11)
  2 komodo dragons (Lair:2)
  2 trolls (D:12)
  A hellwing (D:9)
  A hornet (Lair:5)
  A blink frog (Lair:4)
  16 yaks
  2 wyverns (Lair:2)
  A human (D:14)
  A steam dragon (D:8)
  A warg (D:11)
  4 water moccasins
  An ice beast (D:9)
  An orc warrior (D:12)
  A black bear (D:5)
  A centaur (D:13)
  2 bullfrogs
  A kobold brigand (D:9)
  A scorpion (D:7)
  4 wights (D:7)
  3 killer bees (D:7)
  4 electric eels
  3 orc priests
  A gnoll bouda (D:7)
  5 orc wizards
  A gnoll (D:12)
  2 shadow imps (D:9)
  7 orcs
  3 endoplasms (Sewer)
  A ball python (Sewer)
  A frilled lizard (Sewer)
  A goblin (D:1)
  2 kobolds (D:9)
  2 rats
98 creatures vanquished.

Vanquished Creatures (others)
  An ogre mage (D:11)
  A two-headed ogre (D:11)
  A cyclops (D:13)
  A centaur zombie (D:9)
  2 unseen horrors
  A slime creature (D:11)
  2 wyverns
  A water moccasin (Lair:5)
  An ice beast (D:9)
  A black bear (Lair:1)
  3 blink frog zombies (Lair:2)
  2 centaurs
  3 bullfrogs
  A wyvern zombie (Lair:2)
  A scorpion (D:7)
  A water moccasin zombie (Lair:2)
  A killer bee (D:7)
  3 orc priests
  62 jellies
  6 orc wizards
  An adder (D:5)
  15 orcs
  A quokka zombie (D:4)
112 creatures vanquished.

Grand Total: 735 creatures vanquished

Notes
Turn   | Place    | Note
-------+----------+-------------------------------------------
     0 | D:1      | SacredBeard the Demonspawn Necromancer began the quest for
                  | the Orb.
     0 | D:1      | Reached XP level 1. HP: 13/13 MP: 3/3
   118 | D:1      | Gained mutation: You may rarely emit foul miasma when
                  | damaged in melee. [demonic ancestry]
   118 | D:1      | Reached XP level 2. HP: 10/19 MP: 0/5
   314 | D:1      | Reached skill level 5 in Necromancy
   746 | D:1      | Gained mutation: A weak demonic guardian rushes to your
                  | aid. [demonic ancestry]
   746 | D:1      | Reached XP level 3. HP: 24/24 MP: 4/6
  1775 | D:2      | Reached skill level 1 in Throwing
  1775 | D:2      | Reached XP level 4. HP: 30/30 MP: 2/7
  2730 | D:3      | Found a sacrificial altar of Ru.
  2731 | D:3      | Found a hazy altar of Hepliaklqana.
  3173 | D:4      | Gained mutation: You are surrounded by a mild repulsion
                  | field. (EV +2) [demonic ancestry]
  3173 | D:4      | Reached XP level 5. HP: 33/35 MP: 1/8
  3302 | D:4      | Found a glowing drain.
  3323 | Sewer    | Entered a sewer
  3704 | Sewer    | Reached skill level 1 in Fighting
  3842 | Sewer    | Gained mutation: A demonic guardian rushes to your aid.
                  | [demonic ancestry]
  3842 | Sewer    | Reached XP level 6. HP: 33/45 MP: 0/9
  3915 | Sewer    | Found a viscous altar of Jiyva.
  4086 | Sewer    | Became a worshipper of Jiyva Juli the Shapeless
  4200 | D:4      | Found Tatusk's General Store.
  4233 | D:4      | Reached skill level 1 in Armour
  4311 | D:4      | Bought a scroll of identify for 20 gold pieces
  4406 | D:4      | Noticed Grinder
  4863 | D:4      | Noticed Menkaure
  4995 | D:4      | Learned a level 4 spell: Animate Dead
  4996 | D:5      | Entered Level 5 of the Dungeon
  4999 | D:5      | Reached * piety under Jiyva
  5100 | D:5      | Found an ancient bone altar of Kikubaaqudgha.
  5100 | D:5      | Found a broken altar of Ashenzari.
  5100 | D:5      | Found a shimmering blue altar of Sif Muna.
  5100 | D:5      | Found a sparkling altar of Nemelex Xobeh.
  5412 | D:5      | Reached skill level 1 in Evocations
  5432 | D:5      | Reached ** piety under Jiyva
  5513 | D:5      | Gained mutation: You have sharp fingernails. [demonic
                  | ancestry]
  5513 | D:5      | Reached XP level 7. HP: 37/52 MP: 4/10
  5899 | D:6      | Found the amulet of Vitality {RegenMP++ Regen++}
  6207 | D:6      | Reached skill level 1 in Unarmed Combat
  6338 | D:6      | Reached *** piety under Jiyva
  6365 | D:6      | Gained mutation: Your rubbery body absorbs attacks. (AC +1,
                  | EV +1) [Jiyva's grace]
  6365 | D:6      | Gained mutation: Your pliable body absorbs attacks. (AC +2,
                  | EV +2) [Jiyva's grace]
  6365 | D:6      | Gained mutation: Your gelatinous body deflects attacks. (AC
                  | +3, EV +3) [Jiyva's grace]
  6365 | D:6      | Gained mutation: You possess an exceptional clarity of
                  | mind. [Jiyva's grace]
  6366 | D:6      | Found a staircase to the Ecumenical Temple.
  6513 | D:6      | Found a hide-covered altar of Uskayaw.
  6918 | D:6      | Reached skill level 2 in Unarmed Combat
  6967 | D:6      | Reached **** piety under Jiyva
  7185 | D:7      | Gained mutation: A powerful demonic guardian rushes to your
                  | aid. [demonic ancestry]
  7185 | D:7      | Reached XP level 8. HP: 58/58 MP: 11/11
  7234 | D:7      | Reached skill level 3 in Unarmed Combat
  7309 | D:7      | Reached skill level 4 in Unarmed Combat
  7309 | D:7      | Reached skill level 5 in Evocations
  7405 | D:7      | Reached skill level 5 in Unarmed Combat
  7843 | D:7      | Reached XP level 9. HP: 63/63 MP: 12/12
  8115 | D:4      | Paralysed by Grinder for 3 turns
  8124 | D:4      | Killed Grinder
  8125 | D:4      | Reached skill level 6 in Unarmed Combat
  8214 | D:4      | Killed Menkaure
  8237 | D:4      | Found a burning altar of Makhleb.
  8379 | D:8      | Noticed Maurice
  8408 | D:8      | Killed Maurice
  8409 | D:8      | Reached skill level 7 in Unarmed Combat
  8431 | D:8      | Lost mutation: You possess an exceptional clarity of mind.
                  | [Jiyva's grace]
  8431 | D:8      | Gained mutation: Your translucent skin slightly reduces
                  | your foes' accuracy. (Stealth+) [Jiyva's grace]
  8431 | D:8      | Gained mutation: Your translucent skin reduces your foes'
                  | accuracy. (Stealth+) [Jiyva's grace]
  8431 | D:8      | Gained mutation: Your transparent skin significantly
                  | reduces your foes' accuracy. (Stealth+) [Jiyva's grace]
  8431 | D:8      | Gained mutation: You possess an exceptional clarity of
                  | mind. [Jiyva's grace]
  8452 | D:8      | Found Qiuhaone's Book Shop.
  8465 | D:8      | Reached ***** piety under Jiyva
  8478 | D:8      | Found a shadowy altar of Dithmenos.
  8478 | D:8      | Noticed Joseph
  8501 | D:8      | Killed Joseph
  8502 | D:8      | Reached skill level 8 in Unarmed Combat
  8631 | D:8      | Reached skill level 5 in Fighting
  8926 | D:8      | Reached XP level 10. HP: 73/74 MP: 13/13
  9352 | D:9      | Identified the ring of Zuocor {Ice Dex+4}
  9461 | D:9      | Reached skill level 9 in Unarmed Combat
  9525 | D:9      | Found a staircase to the Lair.
  9558 | D:9      | Noticed a two-headed ogre
  9568 | D:9      | Killed a two-headed ogre
  9569 | D:9      | Reached skill level 10 in Unarmed Combat
  9819 | D:9      | Reached skill level 11 in Unarmed Combat
  9849 | D:9      | Gained mutation: You are surrounded by a moderate repulsion
                  | field. (EV +3) [demonic ancestry]
  9849 | D:9      | Reached XP level 11. HP: 84/84 MP: 14/14
 10643 | D:10     | Entered Level 10 of the Dungeon
 10732 | D:10     | Found an iron altar of Okawaru.
 10894 | D:10     | Identified the amulet of Diefe {Spirit Harm rPois Will+++
                  | Int+3}
 11375 | D:11     | Reached ****** piety under Jiyva
 11472 | D:11     | Found a staircase to the Orcish Mines.
 12064 | D:11     | Reached skill level 12 in Unarmed Combat
 12162 | D:11     | Lost mutation: Your gelatinous body deflects attacks. (AC
                  | +3, EV +3) [Jiyva's grace]
 12162 | D:11     | Gained mutation: You have a small jelly attached to you
                  | that may absorb projectiles. [Jiyva's grace]
 12162 | D:11     | Gained mutation: You have acidic saliva. [Jiyva's grace]
 12162 | D:11     | Gained mutation: Armour fits poorly on your pseudopods.
                  | [Jiyva's grace]
 12162 | D:11     | Gained mutation: Armour fits poorly on your large
                  | pseudopods. [Jiyva's grace]
 12498 | D:11     | HP: 4/87 [manticore (8)]
 12576 | D:12     | Identified the +10 trident of Nemelex Xobeh's Pride
                  | {freeze, rElec rC- Will+++ Stlth-}
 12745 | D:12     | Noticed a skeletal warrior
 12870 | Lair:1   | Entered Level 1 of the Lair of Beasts
 12942 | Lair:1   | Reached skill level 13 in Unarmed Combat
 13376 | Lair:1   | Gained mutation: You have very sharp fingernails. [demonic
                  | ancestry]
 13376 | Lair:1   | Reached XP level 12. HP: 74/95 MP: 15/15
 13635 | Lair:1   | Lost mutation: You have acidic saliva. [Jiyva's grace]
 13635 | Lair:1   | Gained mutation: You are strong-willed. (Will+) [Jiyva's
                  | grace]
 13635 | Lair:1   | Gained mutation: You are highly strong-willed. (Will++)
                  | [Jiyva's grace]
 13635 | Lair:1   | Gained mutation: You are extremely strong-willed. (Will+++)
                  | [Jiyva's grace]
 13635 | Lair:1   | Gained mutation: Your body has grown eyes which may confuse
                  | attackers. (Acc +3) [Jiyva's grace]
 14019 | Lair:2   | Reached skill level 14 in Unarmed Combat
 14122 | Lair:2   | Noticed Yruunk's ghost (journeyman DECj)
 14241 | Lair:2   | Reached skill level 15 in Unarmed Combat
 14261 | Lair:2   | Noticed a boulder beetle
 14278 | Lair:2   | Killed a boulder beetle
 14310 | Lair:2   | Found a runed translucent gate.
 14311 | Lair:2   | Found a runed translucent gate.
 14313 | Lair:2   | Found a runed translucent gate.
 14839 | Lair:3   | Found a staircase to the Shoals.
 14924 | Lair:3   | Lost mutation: You are extremely strong-willed. (Will+++)
                  | [Jiyva's grace]
 14924 | Lair:3   | Lost mutation: You are highly strong-willed. (Will++)
                  | [Jiyva's grace]
 14924 | Lair:3   | Lost mutation: Your body has grown eyes which may confuse
                  | attackers. (Acc +3) [Jiyva's grace]
 14924 | Lair:3   | Lost mutation: Your pliable body absorbs attacks. (AC +2,
                  | EV +2) [Jiyva's grace]
 14924 | Lair:3   | Lost mutation: Armour fits poorly on your large pseudopods.
                  | [Jiyva's grace]
 14924 | Lair:3   | Lost mutation: Your transparent skin significantly reduces
                  | your foes' accuracy. (Stealth+) [Jiyva's grace]
 14924 | Lair:3   | Gained mutation: You have a small jelly attached to you
                  | that senses nearby items. [Jiyva's grace]
 14924 | Lair:3   | Gained mutation: You are robust. (+10% HP) [Jiyva's grace]
 14924 | Lair:3   | Gained mutation: You are very robust. (+20% HP) [Jiyva's
                  | grace]
 14924 | Lair:3   | Gained mutation: You are extremely robust. (+30% HP)
                  | [Jiyva's grace]
 14954 | Lair:3   | Noticed a four-headed hydra
 14961 | Lair:3   | Killed a four-headed hydra
 14968 | Lair:3   | Found a runed translucent door.
 14969 | Lair:3   | Noticed an eight-headed hydra
 15582 | Lair:3   | Found a staircase to the Snake Pit.
 15851 | Lair:4   | Gained mutation: You have claws for hands. [demonic
                  | ancestry]
 15851 | Lair:4   | Reached XP level 13. HP: 89/131 MP: 16/16
 15976 | Lair:4   | Reached skill level 16 in Unarmed Combat
 16057 | Lair:4   | You fall into a shaft and drop 1 floor!
 16057 | Lair:5   | Entered Level 5 of the Lair of Beasts
 16060 | Lair:5   | Found a staircase to the Slime Pits.
 16075 | Slime:1  | Entered Level 1 of the Pits of Slime
 16075 | Slime:1  | Noticed an azure jelly
 16080 | Slime:1  | Noticed an acid blob
 16086 | Slime:1  | Noticed a rockslime
 16149 | Slime:1  | Noticed an azure jelly
 16155 | Slime:1  | Noticed an azure jelly
 16279 | Slime:2  | Noticed an acid blob
 16324 | Slime:2  | Noticed an acid blob
 16559 | Slime:3  | Noticed an azure jelly
 16561 | Slime:3  | Noticed an acid blob
 16568 | Slime:3  | Noticed a rockslime
 16594 | Slime:3  | Noticed an azure jelly
 16659 | Slime:3  | Noticed an acid blob
 16738 | Slime:2  | Noticed a rockslime
 16738 | Slime:2  | Noticed an acid blob
 16739 | Slime:2  | Noticed a rockslime
 16777 | Slime:2  | Noticed an acid blob
 16818 | Slime:2  | Noticed an acid blob
 16867 | Slime:1  | Noticed an acid blob
 16909 | Slime:1  | You fall into a shaft and drop 1 floor!
 16946 | Slime:4  | Noticed an acid blob
 16958 | Slime:4  | Noticed a quicksilver ooze
 17062 | Slime:4  | Noticed a rockslime
 17094 | Slime:4  | Noticed a quicksilver ooze
 17172 | Slime:5  | Entered Level 5 of the Pits of Slime
 17220 | Slime:5  | Noticed an acid blob
 17243 | Slime:5  | Noticed an acid blob
 17272 | Slime:5  | Noticed an azure jelly
 17276 | Slime:5  | Noticed an azure jelly
 17300 | Slime:5  | Noticed the Royal Jelly
 17327 | Slime:5  | Noticed an acid blob
 17335 | Slime:5  | Noticed an acid blob
 17336 | Slime:5  | Noticed a rockslime
 17359 | Slime:5  | Noticed an azure jelly
 17362 | Slime:5  | Found a viscous altar of Jiyva.
 17362 | Slime:5  | Noticed an acid blob
 17363 | Slime:5  | Noticed an acid blob
 17363 | Slime:5  | Found the amulet of the Four Winds {rN+ Will+++ Clar}
 17364 | Slime:5  | Found the +7 lajatang of Order {silver, rMut}
 17365 | Slime:5  | Noticed an azure jelly
 17366 | Slime:5  | Identified the +0 robe of Fedhas's Castigation {Int+7
                  | Slay-3 SInv}
 17368 | Slime:5  | Identified the staff of air "Kossugoa" {rElec rC+}
 17370 | Slime:5  | Noticed an acid blob
 17371 | Slime:5  | Got the Verses on the Mutable Snake
 17384 | Slime:5  | Identified the +6 scale mail of Hedonism {rPois rCorr MP+9}
 17386 | Slime:5  | Identified the staff of cold "Jypot" {rC+ Str+4 Stlth+}
 17391 | Slime:5  | Identified the +0 leather armour of the Thoughtful Songs
                  | {Will+ Int+5}
 17396 | Slime:5  | Identified the +0 shadow dragon scales "Zeukk" {Will+ Str+4
                  | Stlth++++}
 17406 | Slime:5  | Got a slimy rune of Zot
 17409 | Slime:5  | Got the Handbook of Fascination
 17493 | Slime:4  | Noticed an acid blob
 17493 | Slime:4  | Noticed an acid blob
 17493 | Slime:4  | Noticed a rockslime
 17493 | Slime:4  | Noticed an acid blob
 17843 | Lair:5   | Reached skill level 5 in Armour
 17843 | Lair:5   | Reached skill level 5 in Dodging
 18161 | Lair:5   | Reached skill level 17 in Unarmed Combat
 18266 | Lair:5   | Reached skill level 10 in Fighting
 18511 | Lair:5   | Reached XP level 14. HP: 136/144 MP: 17/17
 19207 | Lair:4   | Lost mutation: You possess an exceptional clarity of mind.
                  | [Jiyva's grace]
 19207 | Lair:4   | Lost mutation: You are extremely robust. (+30% HP) [Jiyva's
                  | grace]
 19207 | Lair:4   | Lost mutation: Your rubbery body absorbs attacks. (AC +1,
                  | EV +1) [Jiyva's grace]
 19207 | Lair:4   | Gained mutation: Your transparent skin significantly
                  | reduces your foes' accuracy. (Stealth+) [Jiyva's grace]
 19207 | Lair:4   | Gained mutation: Your melee attacks may engulf your foes in
                  | ooze. [Jiyva's grace]
 19207 | Lair:4   | Gained mutation: Your rubbery body absorbs attacks. (AC +1,
                  | EV +1) [Jiyva's grace]
 19207 | Lair:4   | Gained mutation: Your pliable body absorbs attacks. (AC +2,
                  | EV +2) [Jiyva's grace]
 19742 | Orc:1    | Entered Level 1 of the Orcish Mines
 19771 | D:11     | Reached skill level 18 in Unarmed Combat
 19890 | Orc:2    | Entered Level 2 of the Orcish Mines
 20609 | Orc:2    | Found a staircase to the Elven Halls.
 20856 | Orc:2    | Found Gomot's Jewellery Shoppe.
 20873 | Orc:2    | Noticed Nergalle
 20879 | Orc:2    | Found an ancient bone altar of Kikubaaqudgha.
 20884 | Orc:2    | Killed Nergalle
 20905 | Orc:2    | Found Ajones's Magic Scroll Emporium.
 20926 | Orc:2    | Paralysed by an orc sorcerer for 2 turns
 20946 | Orc:2    | Found Amaowkao's Distillery.
 21016 | Orc:2    | Bought a scroll of identify for 36 gold pieces
 21016 | Orc:2    | Bought a scroll of identify for 36 gold pieces
 21022 | Orc:2    | Found a radiant altar of Vehumet.
 21038 | Orc:2    | Found Maicoor's Antique Weapon Emporium.
 21640 | D:12     | Found an ornate altar of the Wu Jian Council.
 21936 | D:13     | Lost mutation: You are very robust. (+20% HP) [Jiyva's
                  | grace]
 21936 | D:13     | Lost mutation: You are robust. (+10% HP) [Jiyva's grace]
 21936 | D:13     | Lost mutation: You have a small jelly attached to you that
                  | senses nearby items. [Jiyva's grace]
 21936 | D:13     | Lost mutation: Your transparent skin significantly reduces
                  | your foes' accuracy. (Stealth+) [Jiyva's grace]
 21936 | D:13     | Lost mutation: Your translucent skin reduces your foes'
                  | accuracy. (Stealth+) [Jiyva's grace]
 21936 | D:13     | Lost mutation: Your translucent skin slightly reduces your
                  | foes' accuracy. (Stealth+) [Jiyva's grace]
 21936 | D:13     | Gained mutation: Your skin changes colour to match your
                  | surroundings (Stealth+). [Jiyva's grace]
 21936 | D:13     | Gained mutation: Your skin blends seamlessly with your
                  | surroundings (Stealth++). [Jiyva's grace]
 21936 | D:13     | Gained mutation: Your skin perfectly mimics your
                  | surroundings (Stealth+++). [Jiyva's grace]
 21936 | D:13     | Gained mutation: You are covered in fur. (AC +1) [Jiyva's
                  | grace]
 22121 | D:13     | Reached skill level 19 in Unarmed Combat
 22600 | D:14     | Gained mutation: You sometimes emit foul miasma when
                  | damaged in melee. [demonic ancestry]
 22600 | D:14     | Reached XP level 15. HP: 120/120 MP: 18/18
 22793 | D:14     | Noticed Josephine
 22800 | D:14     | Killed Josephine
 22816 | D:14     | Noticed Frances
 22826 | D:14     | Killed Frances
 22859 | D:14     | Slain by a white ugly thing

Illustrated notes

Levels and vault maps discovered:
D:1:      amcnicky_arrival_choice, layout_basic, corexii_item_surrounded_by_moat
D:2:      layout_basic
D:3:      layout_basic, gammafunk_temple_overflow_pools,
          nicolae_elyvilon_peaceful_grove, tso_altar, kennysheep_potato
D:4:      layout_loops_ring, makhleb_blood_cavern_becter, serial_shops,
          nicolae_shop_just_a_little_nook, cheibrodos_sewer_entry_sluice,
          minivault_4, kennysheep_diamond, uniq_grinder, uniq_menkaure
D:5:      layout_loops_cross, chequers_temple_overflow_statue_of_worship,
          serial_co_window_serial, co_window_paths_b, co_window_corner_a,
          co_window_paths_b, co_window_paths_b, co_window_paths_b,
          co_window_broadway_a, co_window_corner_b, co_window_broadway_b,
          co_window_broadway_b, co_window_corner_b, co_window_broadway_a,
          glass_columns_b, glass_columns_b
D:6:      layout_layer_cave, mainiacjoe_overflow_cross_hatched,
          minmay_temple_entry_waves, serial_bayou_lake_a
D:7:      layout_loops_corners
D:8:      layout_basic, nicolae_dithmenos_the_darkroom, serial_shops,
          nicolae_shop_hallway_stairs, lightli_minifort, uniq_joseph,
          uniq_maurice
D:9:      cheibrodos_grave_circle, layout_long_grid, hellmonk_lair_entry_icy,
          corexii_leaking_fountain
D:10:     layout_loops_ring, mainiacjoe_overflow_surrounded_room
D:11:     layout_layer_cave, david_orc_1_choice, kennysheep_generic_room_5
D:12:     layout_cave_pools, nzn_wu_jian_council_hall
D:13:     layout_long_grid
D:14:     layout_cave_pools, ximxim_vaults_locker_room, uniq_josephine,
          uniq_frances
Lair:1:   layout_hall_layers
Lair:2:   layout_chaotic_city, gammafunk_ghost_icy, infiniplex_staircase_pool,
          lemuel_fruit_tree
Lair:3:   layout_chaotic_city, minmay_shoals_entry_beasts,
          nicolae_snake_entry_squirm, pf_torpor_hydra
Lair:4:   layout_misc_corridors, serial_bayou, serial_bayou_pond_a,
          serial_bayou_lagoon_a, serial_bayou_pond_e, serial_bayou_shore_b,
          dpeg_stationary_puzzle
Lair:5:   gammafunk_lair_ancient_temple, layout_big_grid,
          nicolae_slime_entry_field_trip, serial_forest,
          infiniplex_forest_end_2, infiniplex_forest_straight_5,
          infiniplex_forest_straight_1, infiniplex_forest_clump_large,
          infiniplex_forest_clump_long, infiniplex_forest_fountain,
          chequers_serial_rivers_small_3
Slime:1:  layout_caves
Slime:2:  layout_caves, nicolae_slime_crime_time
Slime:3:  layout_caves
Slime:4:  layout_caves
Slime:5
Orc:1:    layout_diamond_mine
Orc:2:    kennysheep_orc_mage_school, layout_diamond_mine

Skill      XL: |  1  2  3  4  5  6  7  8  9 10 11 12 13 14 |
---------------+-------------------------------------------+-----
Dodging        | 2 4 5 |  5.5
Necromancy     | 5 6 7 |  7.0
Throwing       | 1 2 |  2.0
Fighting       | 2 3 5 7 9 10 12 | 12.3
Armour         | 2 4 5 |  5.5
Evocations     | 1 4 6 |  6.5
Stealth        | 2 3 |  3.0
Unarmed Combat | 2 5 8 11 13 15 17 19 | 19.3
Spellcasting   | |  2.0

Action                     |  1- 3 |  4- 6 |  7- 9 | 10-12 | 13-15 || total
---------------------------+-------+-------+-------+-------+-------++-------
  Melee: Unarmed           |     6 |       |    63 |   365 |   860 ||  1294
         Short sword       |     3 |    16 |    24 |       |       ||    43
         Punch             |       |       |     3 |    38 |   124 ||   165
         Pseudopods        |       |       |       |    53 |   209 ||   262
         Bite              |       |       |       |     9 |       ||     9
  Throw: Stone             |       |     1 |    22 |    20 |       ||    43
         Boomerang         |       |       |     7 |     1 |       ||     8
         Dart              |       |       |       |     4 |     4 ||     8
   Cast: Necrotise         |    72 |   164 |   195 |   341 |    26 ||   798
         Animate Dead      |       |       |     1 |     3 |       ||     4
  Evoke: Wand              |       |       |       |     6 |    29 ||    35
    Use: Scroll            |       |     7 |     2 |     4 |     2 ||    15
         Potion            |       |       |       |     1 |       ||     1
   Stab: Distracted        |       |       |     2 |     3 |     4 ||     9
         Confused          |       |       |       |     2 |       ||     2
         Sleeping          |       |       |       |     1 |     7 ||     8
 Armour: Robe              |       |     9 |    13 |    72 |       ||    94
         Plate armour      |       |       |       |    23 |    30 ||    53
         Scale mail        |       |       |       |       |   253 ||   253
  Dodge: Dodged            |     7 |    33 |   135 |   505 |   634 ||  1314
